 Dungeon Crawl Stone Soup version bcrawl-1.13.4 (webtiles) character file.

Game seed: 12779051017728511829

25 Dracia the Charmwright (level 3, -4/28 HPs)
             Began as a Merfolk Skald on Aug 15, 2019.
             Slain by Terence
             ... wielding a +0 short sword
              (6 damage)
             ... on level 2 of the Dungeon.
             The game lasted 00:01:51 (848 turns).

Dracia the Charmwright (Merfolk Skald)               Turns: 848, Time: 00:01:51

Health: -4/28      AC:  3    Str: 10 (11) XL:     3   Next: 4%
Magic:  5/6        EV: 12    Int: 11 (13) God:
Gold:   113        SH:  0    Dex: 10 (13) Spells: 3/6 levels left

rFire    + . .     SeeInvis .   a - +0 spear
rCold    + . .     Gourm    .   (no shield)
rNeg     . . .     Faith    .   b - +0 leather armour
rPois    +         Spirit   .   (no helmet)
rElec    +         Reflect  .   (no cloak)
rCorr    +         Harm     .   (no gloves)
MR       .....                  (no boots)
Stlth    +.........             (no amulet)
HPRegen  0.09/turn              (no ring)
MPRegen  0.10/turn              (no ring)

@: resistant
A: change form in water, swift swim, stealthy swim
a: no special abilities


You were on level 2 of the Dungeon.
You were not hungry.

You visited 1 branch of the dungeon, and saw 2 of its levels.

You collected 113 gold pieces.


   Skills:
 + Level 2.5 Fighting
 + Level 3.4 Polearms
 + Level 0.9 Armour
 + Level 3.0 Dodging
 + Level 2.2 Spellcasting
 + Level 3.6 Charms


You had 3 spell levels left.
You knew the following spells:

 Your Spells              Type           Power        Failure   Level  Hunger
a - Infusion              Chrm           #.......     9%          1    ##.....
b - Song of Slaying       Chrm           #.......     14%         2    ###....

Your spell library contained the following spells:

 Spells                   Type           Power        Failure   Level  Hunger
 Ozocubu's Armour         Chrm/Ice       #.......     50%         3    ####...
 Regeneration             Chrm/Necr      #.........   50%         3    ####...
 Spectral Weapon          Hex/Chrm       #.......     50%         3    ####...

Inventory:

Hand Weapons
 a - a +0 spear (weapon)
Armour
 b - a +0 leather armour (worn)
Scrolls
 d - a scroll of fear
 e - a scroll of identify {unknown}
 g - 2 scrolls of teleportation {unknown}
 i - a scroll of remove curse {unknown}
 k - a scroll of magic mapping {unknown}
Comestibles
 c - 4 chunks of flesh {@*1}
 f - 3 rations {!d}

Dungeon Overview and Level Annotations

Branches:
Dungeon (2/12)

Altars:
Xom

Annotations:
D:2 Terence

#.## ##.....# ##.#.# ##.#
#.###.#####..#?# ##..# #.#
#........#.# #..#######.#
#........#.####.
#.###......###...............
#.# ####.....................
#.# #....#####.........(..
..#####..##.....##w..†.###
...##...# #####.m@h......#####.
.>.##.## ######..#.........
...##.# #....(..###.......
......########......## .......
...##.....)........... .......
...##.######......### .......
####..# ##..#.....# .......
#.#####..##...#.## #######
##.#.....###...#..#############


You could see Terence, a dart slug and a jackal.


Message History

Terence is severely wounded.
Terence hits you with a +0 short sword.
* * * LOW HITPOINT WARNING * * *
You hit Terence.
Terence is severely wounded.
Terence misses you.
You hit Terence but do no damage.
Terence is severely wounded.
Terence hits you but does no damage.
You hit Terence but do no damage.
Terence is severely wounded.
Terence closely misses you.
It was a potion of degeneration.
There was something very wrong with that liquid.
You feel weakened.
You feel dopey.
You feel clumsy. Terence hits you but does no damage.
It was a potion of resistance.
You feel protected. Terence hits you but does no damage.
You hit Terence but do no damage.
Terence is severely wounded.
Terence hits you with a +0 short sword!
* * * LOW HITPOINT WARNING * * *
You hit Terence.
Terence is almost dead.
You hit Terence.
Terence is almost dead.
Terence bares his teeth.
Terence hits you with a +0 short sword.
You die...

Action                   || total
-------------------------++-------
Melee: Spear             ||    84
 Cast: Infusion          ||     1
  Use: Potion            ||     2
Armor: Leather armour    ||    15
Dodge: Dodged            ||    42

Levels and vault maps discovered:
D:1:      roderic_crossed_star, layout_rooms
D:2:      layout_rooms, xom_teletrap_fun, uniq_terence

Notes
Turn   | Place    | Note
-------+----------+-------------------------------------------
     0 | D:1      | Dracia the Merfolk Skald began the quest for the Orb.
     0 | D:1      | Reached XP level 1. HP: 16/16 MP: 3/3
   310 | D:1      | Reached XP level 2. HP: 23/23 MP: 5/5
   336 | D:1      | Learned a level 2 spell: Song of Slaying
   618 | D:2      | Found a shimmering altar of Xom.
   712 | D:2      | Reached skill level 3 in Dodging
   814 | D:2      | Reached XP level 3. HP: 28/28 MP: 6/6
   815 | D:2      | Noticed Terence
   846 | D:2      | HP: 2/28 [Terence/+0 short sword (7)]
   848 | D:2      | Slain by Terence

Vanquished Creatures
  An ooze (D:2)
  A dart slug (D:2)
  A leopard gecko (D:1)
  2 goblins
  4 hobgoblins
  A jackal (D:2)
  A ball python (D:2)
  2 bats (D:1)
  2 frilled lizards (D:1)
  3 rats (D:1)
18 creatures vanquished.
